 Dungeon Sprint DCSS version 0.18.1-6-gd335043 (webtiles) character file.

618 Hipnos the Fighter (level 7, -16/75 HPs)
             Began as a Naga Fighter on May 20, 2016.
             Was an Initiate of Cheibriados.
             Demolished by a deep troll (18 damage)
             ... in the Dungeon (Sprint I: "Red Sonja").
             The game lasted 00:05:34 (980 turns).

Hipnos the Fighter (Naga Fighter)                    Turns: 980, Time: 00:05:35

Health: -16/75     AC:  5    Str: 21    XL:     7   Next: 45%
Magic:  5/8        EV:  4    Int: 10    God:    Cheibriados [......]
Gold:   513        SH:  7    Dex: 11    Spells: 0 memorised, 6 levels left

rFire  . . .     SeeInvis +     a - +0 flail
rCold  . . .     Gourm    .     b - +0 scale mail
rNeg   . . .     Faith    .     c - +0 shield
rPois  +         Spirit   .     (no helmet)
rElec  .         Dismiss  .     (no cloak)
rCorr  .         Reflect  .     (no gloves)
SustAt .         Harm     .     (no barding)
MR     .....     NoTele   +     (no amulet)
Stlth  ..........               (no ring)
                                (no ring)

@: very heavily drained, very slow, not resistant to hostile enchantments,
extremely unstealthy
A: see invisible, deformed body, poison resistance, slowness 2, slow metabolism
1, spit poison 2, AC +2
a: Spit Poison, Bend Time, Renounce Religion


You were in the Dungeon.
You worshipped Cheibriados.
Cheibriados was noncommittal.
You were very hungry.

You visited 1 branch You collected 513 gold pieces.

Inventory:

Hand Weapons
 a - a +0 flail (weapon)
Armour
 b - a +0 scale mail (worn)
 c - a +0 shield (worn)
Scrolls
 k - a scroll of blinking
Potions
 d - a potion of might
 e - 2 potions of curing
 h - a potion of degeneration {unknown}
 i - 2 potions of magic
Comestibles
 f - a bread ration


   Skills:
 + Level 8.8(0.0) Fighting
 * Level 7.7(0.0) Maces & Flails
 + Level 7.3(0.0) Armour
 + Level 2.3(0.0) Dodging
 + Level 5.9(0.0) Shields
 * Level 2.0(0.0) Invocations


You had 6 spell levels left.
You didn't know any spells.

Dungeon Overview and Level Annotations

Branches:
Dungeon (1/1)

Altars:
Cheibriados
Dithmenos
Elyvilon
Fedhas
Gozag
Kikubaaqudgha
Makhleb
Nemelex Xobeh
Okawaru
Pakellas
Qazlal
Ru
Sif Muna
Trog
Vehumet
Xom
Yredelemnul
Zin
The Shining One
Jiyva

Shops:
D (

Annotations:
D Sonja


Innate Abilities, Weirdness & Mutations

You cannot wear boots.
Your serpentine skin is tough (AC +2).
You have supernaturally acute eyesight.
Armour fits poorly on your strangely shaped body.
Your system is resistant to poisons.
You cover ground very slowly.
You have a slow metabolism.
You can spit poison.


Message History

The flow of time bends around you.
The deep troll resists with some effort.
You are feeling very hungry.
You have got your breath back.
The deep troll completely misses you. The deep troll claws you.
The deep troll claws you!
You barely miss the deep troll.
The deep troll is lightly wounded.
The deep troll barely misses you. The deep troll claws you!
You block the deep troll's attack.
You closely miss the deep troll.
The deep troll is lightly wounded.
The deep troll bites you. The deep troll claws you. The deep troll claws you!
* * * LOW HITPOINT WARNING * * *
The deep troll bites you!!
* * * LOW HITPOINT WARNING * * *
The deep troll claws you.
* * * LOW HITPOINT WARNING * * *
The deep troll claws you!!
You die...

#..'[.#..'..#..'..'..#
#..#####'#####'#__####
#..####..#...#.####
#..#__####..##[#
#..#_.___##'#..+
#⌠⌠#_.∩...'..._#
####_..._##_(#'#
#_____###(#(#
#########@####+###
+..T'$$.$$+
#...####### ##.## #+#


You could see a deep troll.

Vanquished Creatures
  A slime creature (D)
  Sigmund (D)
  A yak (D)
  An ogre (D)
  A jelly (D)
  Ijyb (D)
6 creatures vanquished.

Vanquished Creatures (others)
  A gargoyle (D)
1 creature vanquished.

Grand Total: 7 creatures vanquished

Notes
Turn   | Place    | Note
--------------------------------------------------------------
     0 | D        | Hipnos the Naga Fighter began the quest for the Orb.
     0 | D        | Reached XP level 1. HP: 21/21 MP: 1/1
     1 | D        | Noticed Ijyb
    18 | D        | Killed Ijyb
    18 | D        | Reached skill level 4 in Fighting
    18 | D        | Reached XP level 2. HP: 18/31 MP: 2/2
    18 | D        | Reached XP level 3. HP: 22/37 MP: 3/3
   185 | D        | Noticed an ogre
   191 | D        | Killed an ogre
   191 | D        | Reached skill level 5 in Fighting
   191 | D        | Reached skill level 1 in Dodging
   191 | D        | Reached XP level 4. HP: 25/48 MP: 4/4
   203 | D        | Noticed Sigmund
   220 | D        | Killed Sigmund
   220 | D        | Reached skill level 7 in Fighting
   220 | D        | Reached skill level 5 in Maces & Flails
   220 | D        | Reached skill level 5 in Shields
   220 | D        | Reached XP level 5. HP: 12/57 MP: 5/5
   220 | D        | Reached XP level 6. HP: 14/66 MP: 6/6
   454 | D        | Killed a gargoyle
   483 | D        | Found a deep blue altar of Sif Muna.
   486 | D        | Found a radiant altar of Vehumet.
   494 | D        | Found a snail-covered altar of Cheibriados.
   494 | D        | Found a viscous altar of Jiyva.
   494 | D        | Found a shadowy altar of Dithmenos.
   494 | D        | Found a blossoming altar of Fedhas.
   494 | D        | Noticed a slime creature
   506 | D        | Killed a slime creature
   506 | D        | Reached skill level 8 in Fighting
   506 | D        | Reached XP level 7. HP: 28/75 MP: 7/7
   509 | D        | Became a worshipper of Cheibriados the Contemplative
   744 | D        | Found Ezis's Antique Weapon Emporium.
   744 | D        | Found a white marble altar of Elyvilon.
   744 | D        | Found a stormy altar of Qazlal.
   744 | D        | Found a burning altar of Makhleb.
   744 | D        | Found a sacrificial altar of Ru.
   744 | D        | Found an oddly glowing altar of Pakellas.
   744 | D        | Found a basalt altar of Yredelemnul.
   744 | D        | Found a glowing golden altar of the Shining One.
   744 | D        | Found a sparkling altar of Nemelex Xobeh.
   744 | D        | Found a shimmering altar of Xom.
   744 | D        | Found an opulent altar of Gozag.
   744 | D        | Found an ancient bone altar of Kikubaaqudgha.
   744 | D        | Found a glowing silver altar of Zin.
   744 | D        | Noticed a yak
   751 | D        | Killed a yak
   752 | D        | Found an iron altar of Okawaru.
   755 | D        | Found a bloodstained altar of Trog.
   858 | D        | Noticed Sonja
   975 | D        | Noticed a deep troll
   980 | D        | HP: 2/75 [deep troll (2)]
   980 | D        | Demolished by a deep troll

Skill      XL: |  1  2  3  4  5  6  7 |
---------------+----------------------+-----
Fighting       | 4 5 7 8 |  8.8
Armour         | 3 4 6 7 |  7.3
Shields        | 3 4 5 |  5.9
Maces & Flails | 4 5 7 |  7.7
Dodging        | 1 2 |  2.3
Invocations    | 2 |  2.0

Action                   |  1- 3 |  4- 6 |  7- 9 || total
-------------------------+-------+-------+-------++-------
Melee: Flail             |    20 |    28 |    24 ||    72
Invok: Bend Time         |       |       |     2 ||     2
 Abil: Spit Poison       |       |     2 |     6 ||     8
  Use: Potion            |     2 |       |     1 ||     3
Armor: Scale mail        |     8 |     2 |    38 ||    48
Dodge: Dodged            |     9 |     6 |    18 ||    33
Block: Shield            |     5 |     7 |    34 ||    46
